 Dungeon Crawl Stone Soup version 0.24.0 (webtiles) character file.

Game seed: 5871807958258697838, levelgen mode: deterministic

8593 Emblim88 the Covert (level 11, -5/73 HPs)
             Began as an Octopode Berserker on Oct 25, 2019.
             Was a High Priest of Trog.
             Slain by a troll (14 damage)
             ... on level 10 of the Dungeon.
             The game lasted 00:37:12 (12043 turns).

Emblim88 the Covert (Octopode Berserker)           Turns: 12043, Time: 00:37:12

Health: -5/73      AC:  1    Str: 23    XL:     11   Next: 33%
Magic:  23/23      EV: 16    Int: 10    God:    Trog [*****.]
Gold:   385        SH:  0    Dex: 12    Spells: 10/10 levels left

rFire    + . .     SeeInvis +     - Unarmed
rCold    + + .     Gourm    +   (no shield)
rNeg     + . .     Faith    .   (helmet restricted)
rPois    .         Spirit   .   k - amulet of the gourmand
rElec    .         Reflect  .   n - ring of protection from cold
rCorr    .         Harm     .   t - ring of magical power
MR       .....                  i - ring of protection from fire
Stlth    +++++++...             B - ring of see invisible
HPRegen  0.22/turn              y - ring of protection from cold
MPRegen  0.18/turn              z - ring "Gamiti" {Fire rN+ Str+4}
                                C - ring of ice
                                (no ring)

@: berserk cooldown, slowed, very slow
A: almost no armour, stealthy swim, amphibious, 8 rings, constrict 8, camouflage
1, gelatinous body 1
a: Berserk, Trog's Hand, Brothers in Arms, Renounce Religion


You were on level 10 of the Dungeon.
You worshipped Trog.
Trog was extremely pleased with you.
You were not hungry.

You visited 1 branch of the dungeon, and saw 10 of its levels.

You collected 385 gold pieces.

Inventory:

Hand Weapons
 D - a +0 rapier of speed
Missiles
 g - 8 curare-tipped darts (quivered)
 h - 9 atropa-tipped darts
Jewellery
 i - a ring of protection from fire (on tentacle)
 k - an amulet of the gourmand (around mantle)
 n - a ring of protection from cold (left tentacle)
 t - a ring of magical power (right tentacle)
 y - a ring of protection from cold (on tentacle)
 z - the ring "Gamiti" (on tentacle) {Fire rN+ Str+4}
   (You acquired it on level 8 of the Dungeon)

   [ring of fire]

   It enhances your fire magic.
   It affects your strength (+4).
   It protects you from fire.
   It makes you vulnerable to cold.
   It protects you from negative energy.
 B - a ring of see invisible (on tentacle)
 C - a ring of ice (on tentacle)
Wands
 e - a wand of digging (8)
 q - a wand of random effects (15)
Scrolls
 b - 2 scrolls of fear
 d - 8 scrolls of remove curse
 l - 2 scrolls of fog
 r - a scroll of enchant armour
 u - 2 scrolls of teleportation
 A - a scroll of magic mapping
Potions
 c - 2 potions of brilliance
 f - 4 potions of curing
 j - a potion of haste
 p - a potion of agility
 s - a potion of resistance {unknown}
 v - a potion of mutation
Comestibles
 a - 9 rations


   Skills:
 * Level 6.3 Fighting
 - Level 3.7 Throwing
 + Level 5.9 Dodging
 * Level 14.8 Stealth
 + Level 9.5 Unarmed Combat
 * Level 5.2 Evocations


You had 10 spell levels left.
You didn't know any spells.
Your spell library was empty.

Dungeon Overview and Level Annotations

Branches:
Dungeon (10/15)            Temple (0/1) D:7            Lair (0/6) D:8
    Orc (0/2) D:10

Altars:
Fedhas
Hepliaklqana

Shops:
D:4 =   D:7 %


Innate Abilities, Weirdness & Mutations

You cannot wear most types of armour.
You are very stealthy in the water. (Stealth+)
You are amphibious.
You can wear up to eight rings at the same time.
You can use your tentacles to constrict eight enemies at once.
Your skin changes colour to match your surroundings (Stealth+).
Your rubbery body absorbs attacks. (AC +1, EV +1)


Message History

The hound barely misses you. The troll misses you. The troll barely misses you.
The troll claws you.
* * * LOW HITPOINT WARNING * * *
The hound completely misses you. The troll closely misses you.
The troll claws you.
* * * LOW HITPOINT WARNING * * *
The troll claws you!
* * * LOW HITPOINT WARNING * * *
There is a stone staircase leading up, spattered with blood here.
You see here a +0 spear.
You feel better. The hound barely misses you. The hound misses you.
The troll closely misses you. The troll completely misses you.
The troll claws you!
* * * LOW HITPOINT WARNING * * *
You feel better. The hound bites you.
* * * LOW HITPOINT WARNING * * *
The hound bites you.
* * * LOW HITPOINT WARNING * * *
The troll completely misses you. The troll claws you!
You die...

................
...................
..................#
..................#
.................#
#..............#
#.......Th...#
#......)@>..#
###.....)..##
###..†..## ##.(###
#..## ....# #...##
###. #.


You could see a troll and a hound.

Vanquished Creatures
  A two-headed ogre (D:9)
  3 death yaks
  Prince Ribbit (D:7)
  3 slime creatures
  3 hippogriffs
  Sigmund (D:3)
  A spriggan (D:7)
  A wyvern (D:8)
  Eustachio (D:4)
  3 water moccasins
  Duvessa (D:5)
  2 porcupines (D:8)
  2 ice beasts (D:8)
  A sky beast (D:5)
  An eye of draining (D:7)
  2 ogres
  A phantom (D:7)
  2 centaurs
  6 bullfrogs
  Blork the orc (D:4)
  Dowan (D:5)
  7 scorpions
  7 wights
  2 howler monkeys
  2 jellies
  A bullfrog zombie (D:9)
  9 hounds
  4 crimson imps
  A quasit (D:9)
  Crazy Yiuf (D:6)
  7 orc priests
  2 centaur skeletons
  2 iguanas
  9 worker ants
  6 orc wizards
  2 worker ant zombies
  13 adders
  4 gnolls (D:10)
  2 river rats (D:8)
  A shadow imp (D:7)
  An ooze (D:5)
  2 adder skeletons
  An adder zombie (D:5)
  3 worms
  4 dart slugs
  8 leopard geckos
  39 orcs
  A ball python (D:2)
  11 bats
  11 giant cockroaches
  9 goblins
  5 hobgoblins
  6 jackals
  5 quokkas
  6 frilled lizards
  A giant cockroach zombie (D:5)
  9 kobolds
  3 leopard gecko skeletons
  11 rats
256 creatures vanquished.

Notes
Turn   | Place    | Note
-------+----------+-------------------------------------------
     0 | D:1      | Emblim88 the Octopode Berserker began the quest for the
                  | Orb.
     0 | D:1      | Reached XP level 1. HP: 16/16 MP: 1/1
    47 | D:1      | Reached XP level 2. HP: 21/21 MP: 2/2
    82 | D:1      | Reached skill level 1 in Stealth
   290 | D:1      | Reached XP level 3. HP: 21/26 MP: 3/3
   372 | D:1      | Reached ** piety under Trog
   720 | D:2      | Reached skill level 2 in Stealth
  1017 | D:2      | Reached XP level 4. HP: 30/31 MP: 4/4
  1207 | D:2      | Noticed an ogre
  1216 | D:2      | Killed an ogre
  1216 | D:2      | Reached skill level 4 in Stealth
  1216 | D:2      | Reached XP level 5. HP: 8/36 MP: 5/5
  1901 | D:3      | Reached skill level 5 in Stealth
  1902 | D:3      | Reached *** piety under Trog
  2050 | D:3      | Reached skill level 1 in Throwing
  2375 | D:3      | Noticed Sigmund
  2387 | D:3      | Killed Sigmund
  2387 | D:3      | Reached skill level 6 in Stealth
  2387 | D:3      | Reached XP level 6. HP: 31/42 MP: 6/6
  2872 | D:4      | Noticed Eustachio
  2875 | D:4      | Killed Eustachio
  2875 | D:4      | Reached skill level 7 in Stealth
  2875 | D:4      | Reached skill level 5 in Unarmed Combat
  2875 | D:4      | Reached XP level 7. HP: 46/46 MP: 7/7
  3279 | D:4      | Noticed Blork the orc
  3287 | D:4      | Killed Blork the orc
  3806 | D:4      | Found Zuijekke's Jewellery Boutique.
  4140 | D:5      | Entered Level 5 of the Dungeon
  4212 | D:5      | Reached skill level 8 in Stealth
  4298 | D:5      | Reached XP level 8. HP: 52/52 MP: 2/8
  4349 | D:5      | Reached skill level 9 in Stealth
  4364 | D:5      | Noticed Dowan
  4365 | D:5      | Noticed Duvessa
  4449 | D:5      | Killed Duvessa
  4453 | D:5      | Killed Dowan
  4697 | D:5      | Reached skill level 10 in Stealth
  5459 | D:6      | Reached XP level 9. HP: 56/58 MP: 9/9
  5495 | D:6      | Reached skill level 11 in Stealth
  5705 | D:6      | Reached **** piety under Trog
  6077 | D:6      | Found a runed translucent door.
  6078 | D:6      | Noticed Crazy Yiuf
  6154 | D:6      | Killed Crazy Yiuf
  6270 | D:7      | Reached skill level 1 in Evocations
  6485 | D:7      | Reached skill level 12 in Stealth
  6950 | D:7      | Found Tycothre's Food Shoppe.
  6954 | D:7      | Noticed Prince Ribbit
  7013 | D:7      | Killed Prince Ribbit
  7121 | D:7      | Reached skill level 13 in Stealth
  7437 | D:7      | Found a blossoming altar of Fedhas.
  7802 | D:7      | Found a staircase to the Ecumenical Temple.
  7906 | D:8      | Reached XP level 10. HP: 65/65 MP: 11/11
  7933 | D:7      | Reached skill level 5 in Fighting
  8386 | D:8      | Noticed a death yak
  8389 | D:8      | Reached skill level 5 in Dodging
  8407 | D:8      | Noticed a death yak
  8411 | D:8      | Noticed a death yak
  8412 | D:8      | Killed a death yak
  9135 | D:7      | Killed a death yak
  9140 | D:7      | Killed a death yak
  9140 | D:7      | Reached skill level 14 in Stealth
  9333 | D:8      | Found a staircase to the Lair.
  9725 | D:8      | Reached ***** piety under Trog
 10544 | D:8      | Reached XP level 11. HP: 62/72 MP: 14/14
 11089 | D:8      | Found a hazy altar of Hepliaklqana.
 11095 | D:8      | Identified a scroll of acquirement
 11097 | D:8      | Got a flickering copper ring
 11098 | D:8      | Identified the ring "Gamiti" {Fire rN+ Str+4} (You acquired
                  | it on level 8 of the Dungeon)
 11327 | D:9      | Noticed a two-headed ogre
 11344 | D:9      | Killed a two-headed ogre
 11344 | D:9      | Reached skill level 5 in Evocations
 12012 | D:10     | Entered Level 10 of the Dungeon
 12012 | D:10     | Found a staircase to the Orcish Mines.
 12042 | D:10     | HP: 3/73 [troll (11)]
 12043 | D:10     | Slain by a troll

Levels and vault maps discovered:
D:1:      dpeg_arrival_prison, layout_rooms
D:2:      layout_loops_ring, serial_park_tiny_2, eino_curves_02
D:3:      layout_loops_cross, first_ration, portal_sewer_entry_d, uniq_sigmund
D:4:      layout_loops_ring, serial_shops, nicolae_shop_behind_doors,
          uniq_blork_the_orc, uniq_eustachio
D:5:      layout_rooms, uniq_duvessa
D:6:      layout_rooms, uniq_crazy_yiuf_cottage
D:7:      layout_cave_pods, minmay_temple_entry_offerings, serial_shops, shop,
          roderic_lattice_a, the_bakery, fedhas_altar_3, uniq_prince_ribbit1
D:8:      layout_gridville, kennysheep_little_box, dpeg_lair_monsters
D:9:      layout_long_grid, st_stairs_3
D:10:     layout_cave_pods, orc_0_dummy, serial_shops, shop_scrolls
